 Dungeon Crawl Stone Soup version 0.28.0 (webtiles) character file.

Game seed: 9882211667102607150

56 cbfl8 the Sneak (level 3, -4/33 HPs)
             Began as a Minotaur Delver on Feb 13, 2022.
             Slain by a kobold brigand (9 damage)
             ... on level 6 of the Dungeon.
             The game lasted 00:00:31 (271 turns).

cbfl8 the Sneak (Minotaur Delver)                    Turns: 271, Time: 00:00:31

Health: -4/33      AC:  3    Str: 18    XL:     3   Next: 69%
Magic:  2/2        EV: 12    Int:  7    God:
Gold:   0          SH:  0    Dex: 11    Spells: 2/2 levels left

rFire   . . .      SeeInvis .   a - +0 hand axe
rCold   . . .      Faith    .   (no shield)
rNeg    . . .      Spirit   .   b - +0 leather armour
rPois   .          Reflect  .   (helmet restricted)
rElec   .          Harm     .   (no cloak)
rCorr   .          Rampage  .   (no gloves)
Will    .....                   (no boots)
Stlth   ++........              (no amulet)
HPRegen 0.11/turn               (no ring)
MPRegen 0.08/turn               (no ring)

@: no status effects
A: horns 2, retaliatory headbutt
a: no special abilities


You were on level 6 of the Dungeon.
You visited 1 branch of the dungeon, and saw 2 of its levels.

Inventory:

Hand Weapons
 a - a +0 hand axe (weapon)
Armour
 b - a +0 leather armour (worn)
Wands
 g - a wand of digging (3)
Scrolls
 c - a scroll of fog
 d - a scroll of magic mapping
Potions
 f - a potion of haste


   Skills:
 + Level 4.0 Fighting
 + Level 2.8 Axes
 + Level 0.6 Armour
 + Level 2.3 Dodging
 + Level 4.9 Stealth


You had 2 spell levels left.
You didn't know any spells.
Your spell library was empty.

Dungeon Overview and Level Annotations

Branches:
Dungeon (6/15)
 Temple: D:4-7

Altars:


Innate Abilities, Weirdness & Mutations

You have a pair of horns on your head.
You reflexively headbutt those who attack you in melee.


Message History

A kobold comes into view.
It is wielding a +0 short sword and quivering poisoned darts.
The kobold shouts!
An adder comes into view.
A kobold comes into view. It is wielding a +0 dagger.
The howler monkey skeleton hits you.
* * * LOW HITPOINT WARNING * * *
The adder hisses angrily.
The kobold shouts!
You hit the howler monkey skeleton.
The howler monkey skeleton is lightly damaged.
You hit the kobold.
You hear a shout!
The kobold throws a stone.
The stone hits you.
* * * LOW HITPOINT WARNING * * *
The kobold throws a poisoned dart.
The poisoned dart misses you. The kobold barely misses you.
As you read the scroll of fear, it crumbles to dust.
You assume a fearsome visage.
The adder looks frightened!
The howler monkey skeleton is unaffected.
The kobold looks frightened! x3
A kobold comes into view. It is wielding a +0 short sword.
The howler monkey skeleton barely misses you.
You furiously retaliate!
You headbutt the howler monkey skeleton!
The howler monkey skeleton barely misses you.
A kobold brigand comes into view.
It is wielding a +0 short sword and quivering poisoned darts.
The kobold brigand shouts!
You hit the howler monkey skeleton.
You headbutt the howler monkey skeleton.
The howler monkey skeleton is severely damaged.
The howler monkey skeleton misses you.
You hit the howler monkey skeleton.
You headbutt the howler monkey skeleton.
You destroy the howler monkey skeleton!
The kobold hits you with a +0 short sword.
* * * LOW HITPOINT WARNING * * *
You closely miss the kobold. Your headbutt misses the kobold.
The kobold misses you.
A kobold comes into view. It is wielding a +0 dagger of flaming.
The kobold brigand hits you with a +0 short sword!
You die...

#............
............
#..........
#........K#
#..!.....$####
##.........K.
#......K..#
#......@..#
#.......K.#
#.........#
#.........#
##.<.....##
##.....##
#######


You could see a kobold brigand and 3 kobolds.

Vanquished Creatures
  A bullfrog zombie (D:6)
  A hound zombie (D:5)
  A howler monkey skeleton (D:6)
3 creatures vanquished.

Notes
Turn   | Place    | Note
-------+----------+-------------------------------------------
     0 | D:5      | cbfl8 the Minotaur Delver began the quest for the Orb.
     0 | D:5      | Reached XP level 1. HP: 19/19 MP: 0/0
    22 | D:5      | Reached XP level 2. HP: 10/27 MP: 1/1
   235 | D:6      | Reached XP level 3. HP: 8/33 MP: 2/2
   266 | D:6      | Noticed a kobold brigand
   271 | D:6      | Slain by a kobold brigand

Illustrated notes

Levels and vault maps discovered:
D:5:      layout_rooms, minmay_temple_entry_mini_moons, minmay_circle_x
D:6:      layout_rooms, uniq_sigmund

Skill      XL: |  1  2 |
---------------+-------+-----
Fighting       | 4 |  4.0
Axes           | |  2.8
Armour         | |  0.6
Dodging        | |  2.3
Stealth        | |  4.9

Action                   || total
-------------------------++-------
Melee: Hand axe          ||    23
       Headbutt          ||     2
  Use: Scroll            ||     1
Armor: Leather armour    ||     2
Dodge: Dodged            ||    20
